 Dungeon Crawl Stone Soup version 0.30.1-4-g462c640d31 (webtiles) character file.

Game seed: 16001249555789835091

8 Gamesmaster the Chopper (level 2, 26/27 HPs)
             Began as a Minotaur Berserker on Sept 2, 2023.
             Was a Follower of Trog.
             Quit the game on level 1 of the Dungeon.
             The game lasted 00:01:04 (100 turns).

Gamesmaster the Chopper (Minotaur Berserker)         Turns: 100, Time: 00:01:04

Health: 26/27      AC:  2    Str: 21    XL:     2   Next: 0%
Magic:  1/1        EV: 12    Int:  4    God:    Trog [*.....]
Gold:   20         SH:  0    Dex:  9    Spells: 1/1 levels left

rFire   . . .        a - +0 hand axe
rCold   . . .        (no shield)
rNeg    . . .        b - +0 animal skin
rPois   .            (helmet restricted)
rElec   .            (no cloak)
rCorr   .            (no gloves)
SInv    .            (no boots)
Will    .....        (no amulet)
Stlth   +            (no ring)
HPRegen 0.24/turn    (no ring)
MPRegen 0.07/turn

%: no passive effects
@: no status effects
A: horns 2, retaliatory headbutt
a: Renounce Religion, Berserk


You were on level 1 of the Dungeon.
You worshipped Trog.
Trog was aware of your devotion.
You visited 1 branch of the dungeon, and saw 1 of its levels.

You collected 20 gold pieces.

Inventory:

Hand Weapons
 a - a +0 hand axe (weapon)
Armour
 b - a +0 animal skin (worn)
Scrolls
 c - a scroll of teleportation {unknown}
Potions
 d - a potion of lignification {unknown}
 e - a potion of curing {unknown}


   Skills:
 + Level 3.9 Fighting
 + Level 4.0 Axes
 + Level 2.5 Armour
 + Level 2.2 Dodging


You had one spell level left.
You didn't know any spells.
Your spell library was empty.

Dungeon Overview and Level Annotations

Branches:
Dungeon (1/15)

Altars:


Innate Abilities, Weirdness & Mutations

You have a pair of horns on your head.
You reflexively headbutt those who attack you in melee.


Message History

A frilled lizard and a goblin come into view.
You see here a metallic ruby potion.
A rat comes into view.
The frilled lizard barely misses you.
You hit the frilled lizard.
You kill the frilled lizard!
Trog accepts your kill.
You closely miss the goblin. The goblin hits you but does no damage.
You closely miss the goblin. Your headbutt misses the goblin.
The goblin misses you. You furiously retaliate!
You headbutt the goblin!
You kill the goblin!
Trog accepts your kill. The rat bites you.
You barely miss the rat. The rat bites you but does no damage.
You hit the rat.
You kill the rat!
Trog accepts your kill.
HP restored.
d - a dark potion
e - a metallic ruby potion A bat comes into view.
A bat comes into view.
The bat hits you.
You hit the bat. Your headbutt misses the bat.
The bat is moderately wounded.
The bat hits you. The bat hits you but does no damage. x2
You hit the bat.
You kill the bat!
Trog accepts your kill.
You hit the bat. The bat hits you but does no damage.
You hit the bat but do no damage. Your headbutt misses the bat.
The bat is heavily wounded.
The bat hits you but does no damage.
You closely miss the bat. You headbutt the bat.
You kill the bat!
Trog accepts your kill.
Your Axes skill increases to level 4!
You have reached level 2!
Unknown command.
Are you sure you want to abandon this character and quit the game? (Confirm with "yes".)

........#... .......#..
........ ......# # .....#
.. #....##.##
#######........^
..........# #
##.###.@..##.#
####.........#.##
.................
#.##..##........#
......###.#..##.### #.
#.##..# #.#........
#.######.##..# #..........
#........##..#####..##.###
.......#.##...............


There were no monsters in sight!

Vanquished Creatures
  2 goblins (D:1)
  A kobold (D:1)
  A quokka (D:1)
  2 bats (D:1)
  A frilled lizard (D:1)
  A rat (D:1)
8 creatures vanquished.

Notes
Turn   | Place    | Note
-------+----------+-------------------------------------------
     0 | D:1      | Gamesmaster the Minotaur Berserker began the quest for the
                  | Orb.
     0 | D:1      | Reached XP level 1. HP: 19/19 MP: 0/0
   100 | D:1      | Reached skill level 4 in Axes
   100 | D:1      | Reached XP level 2. HP: 26/27 MP: 1/1
   100 | D:1      | Quit the game

Illustrated notes

Levels and vault maps discovered:
D:1:      minmay_arrival_split_and_join, layout_basic

Skill      XL: |  1 |
---------------+----+-----
Axes           | 4 |  4.0
Fighting       | |  3.9
Armour         | |  2.5
Dodging        | |  2.2

Action                     || total
---------------------------++-------
  Melee: Hand axe          ||    13
         Headbutt          ||     1
 Armour: Animal skin       ||     7
  Dodge: Dodged            ||     5
